 Dungeon Crawl Stone Soup version 0.28.0-43-g3370ac3207 (webtiles) character file.

Game seed: 15186127370123725447

44 experimilk the Stinger (level 3, -10/26 HPs)
             Began as a Draconian Venom Mage on Mar 24, 2022.
             Mangled by Sigmund
             ... wielding a +0 scythe
              (11 damage)
             ... on level 3 of the Dungeon.
             The game lasted 00:05:28 (3736 turns).

experimilk the Stinger (Draconian Venom Mage)       Turns: 3736, Time: 00:05:28

Health: -10/26     AC:  5    Str: 10    XL:     3   Next: 41%
Magic:  2/6        EV: 12    Int: 17    God:
Gold:   33         SH:  0    Dex: 11    Spells: 4/7 levels left

rFire   . . .      SeeInvis .   a - +0 short sword
rCold   . . .      Faith    .   (no shield)
rNeg    . . .      Spirit   .   (armour unavailable)
rPois   .          Reflect  .   (helmet restricted)
rElec   .          Harm     .   (no cloak)
rCorr   .          Rampage  .   (no gloves)
Will    .....                   (no boots)
Stlth   ++........              (no amulet)
HPRegen 0.08/turn               (no ring)
MPRegen 0.10/turn               (no ring)

@: attractive
A: AC +5, unfitting armour, cold-blooded
a: no special abilities


You were on level 3 of the Dungeon.
You visited 1 branch of the dungeon, and saw 3 of its levels.

You collected 33 gold pieces.

Inventory:

Hand Weapons
 a - a +0 short sword (weapon)
Scrolls
 b - a scroll of teleportation
 c - a scroll of amnesia {unknown}
 d - a scroll of acquirement {unknown}
 h - a scroll of summoning {unknown}
 i - a scroll of identify {unknown}
Potions
 f - a potion of heal wounds {unknown}
 g - a potion of curing {unknown}
 j - a potion of lignification {unknown}


   Skills:
 - Level 1.7 Dodging
 - Level 1.7 Stealth
 + Level 2.6 Spellcasting
 - Level 1.0 Transmutations
 * Level 4.1 Poison Magic


You had 4 spell levels left.
You knew the following spells:

 Your Spells              Type           Power      Damage    Failure   Level
a - Sting                 Tmut/Pois      40%        1d5       6%          1
s - Poisonous Vapours     Pois/Air       18%        N/A       12%         2

Your spell library contained the following spells:

 Spells                   Type           Power      Damage    Failure   Level
 Ignite Poison            Fire/Tmut/Pois 8%         N/A       26%         3
 Mephitic Cloud           Conj/Pois/Air  6%         N/A       30%         3
 Olgreb's Toxic Radiance  Pois           16%        N/A       32%         4
 Freezing Cloud           Conj/Ice/Air   1%         6-21      99%         5


Dungeon Overview and Level Annotations

Branches:
Dungeon (3/15)

Altars:

Annotations:
D:3 Sigmund


Innate Abilities, Weirdness & Mutations

Your plain brown scales are hard. (AC +5)
You cannot fit into any form of body armour.
You are cold-blooded and may be slowed by cold attacks.


Message History

Aim: Sigmund, wielding a +0 scythe and wearing a +0 robe (lightly wounded, very poisoned, 68% to hit)
The sting hits Sigmund.
Sigmund looks even sicker.
Sigmund is lightly wounded.
Sigmund misses you.
Unknown command.
Casting: Sting (safe; 6% risk of failure)
Confirm with . or Enter, or press ? or * to list all spells.
Aiming: Sting (safe; 6% risk of failure)
Press: ? - help, Shift-Dir - straight line, f/p - Sigmund
Aim: Sigmund, wielding a +0 scythe and wearing a +0 robe (lightly wounded, very poisoned, 68% to hit)
The sting hits Sigmund.
Sigmund looks as sick as possible!
Sigmund is moderately wounded.
Sigmund points at you and mumbles some strange words.
You are confused.
Unknown command.
You're too confused to cast spells.
Sorry, you're not good enough to have a special ability.
Sigmund misses you.
There is an open door here.
You hit Sigmund.
Sigmund is heavily wounded.
You hit Sigmund.
Sigmund is severely wounded.
Sigmund hits you with a +0 scythe!
Sigmund hits you from afar with a +0 scythe!
You're too confused to cast spells.
Sorry, you're not good enough to have a special ability.
Unknown command.
You bump into the rock wall.
You bump into the rock wall.
Sigmund gestures wildly while chanting.
Sigmund flickers and vanishes!
Deactivating autopickup; reactivate with Ctrl-A.
You feel less confused. Something hits you!
* * * LOW HITPOINT WARNING * * *
It was a potion of attraction.
You feel attractive to monsters. Something hits you!
You die...

# # # ##+##+##+## #
#.........#
########
#.8..8..8.#
.......#
#....{....#
.†>...... ### #'##
######... ..# #@.#
# # #.# ##.# # #.#
#.# ## ##.## #.# .#
##.#.###.# .#
#######.###.##.#
.###......## ##...#
.....#####.###.####
.##### ##.#.##


There were no monsters in sight!

Vanquished Creatures
  An adder (D:2)
  2 worms (D:2)
  A dart slug (D:1)
  An endoplasm (D:2)
  2 giant cockroaches
  5 goblins
  5 hobgoblins
  2 kobolds
  4 ball pythons
  2 bats
  A frilled lizard (D:1)
  2 rats
28 creatures vanquished.

Notes
Turn   | Place    | Note
-------+----------+-------------------------------------------
     0 | D:1      | experimilk the Draconian Venom Mage began the quest for the
                  | Orb.
     0 | D:1      | Reached XP level 1. HP: 14/14 MP: 3/3
   454 | D:1      | Found a faded altar of an unknown god.
   587 | D:1      | Reached XP level 2. HP: 20/20 MP: 1/5
   781 | D:1      | Learned a level 2 spell: Poisonous Vapours
  1730 | D:2      | Reached XP level 3. HP: 11/26 MP: 1/6
  2849 | D:2      | Reached skill level 4 in Poison Magic
  3724 | D:3      | Noticed Sigmund
  3735 | D:3      | HP: 1/26 [something (8)]
  3736 | D:3      | Mangled by Sigmund

Illustrated notes

Levels and vault maps discovered:
D:1:      ncdulo_wetmaze, layout_basic, ebering_ecumenical_altar_rust
D:2:      layout_loops_ring
D:3:      minmay_chambers_of_threes, layout_loops_ring,
          mainiacjoe_overflow_small_starburst, uniq_natasha, uniq_sigmund

Skill      XL: |  1  2  3 |
---------------+----------+-----
Poison Magic   | 4 |  4.1
Dodging        | |  1.7
Stealth        | |  1.7
Spellcasting   | |  2.6
Transmutations | |  1.0

Action                   || total
-------------------------++-------
Melee: Unarmed           ||     3
       Short sword       ||    18
       Tailslap          ||     4
 Cast: Sting             ||    53
       Poisonous Vapours ||     6
  Use: Scroll            ||     1
       Potion            ||     1
Armor: Skin              ||     4
Dodge: Dodged            ||    28
